 Dungeon Crawl Stone Soup version 0.29-a0-887-gcbe080d7e0 (webtiles) character file.

Game seed: 13394020708324880927

20744 flotson the Fighter (level 12, -2/141 HPs)
             Began as a Demonspawn Delver on July 19, 2022.
             Was an Initiate of Gozag.
             Slain by a gargoyle
             ... wielding a +0 flail
              (16 damage)
             ... in a volcano on July 22, 2022.
             The game lasted 00:29:02 (16247 turns).

flotson the Fighter (Demonspawn Delver)            Turns: 16247, Time: 00:29:03

Health: -2/141     AC: 15    Str: 28    XL:     12   Next: 48%
Magic:  12/12      EV: 12    Int: 12    God:    Gozag
Gold:   1612       SH: 20    Dex: 14    Spells: 11/11 levels left

rFire   + . .      SeeInvis .   b - +4 mace (freeze)
rCold   . . .      Faith    .   W - +0 tower shield
rNeg    . . .      Spirit   .   S - +2 swamp dragon scales
rPois   +          Reflect  .   h - +0 helmet
rElec   .          Harm     .   e - +0 cloak of Curiosity {rF+ Str+4}
rCorr   .          Rampage  .   (no gloves)
Will    .....                   u - +0 pair of boots
Stlth   ..........              K - amulet of regeneration
HPRegen 1.13/turn               i - +4 ring of evasion
MPRegen 0.13/turn               w - +6 ring of strength

@: berserking (expiring), gold aura, constricted, very quick
A: claws 2, large bone plates 2, demonic guardian 3, foul stench 1
a: Renounce Religion, Potion Petition, Call Merchant, Bribe Branch


You were in a volcano.
You worshipped Gozag.
Gozag was most pleased with you.
You visited 3 branches of the dungeon, and saw 15 of its levels.
You also visited: Volcano.

You collected 2488 gold pieces.
You spent 693 gold pieces at shops.
You paid 183 gold pieces to Gozag.

Inventory:

Hand Weapons
 a - a +4 spear
 b - a +4 mace of freezing (weapon)
Missiles
 r - a throwing net
 v - 16 poisoned darts (quivered)
 D - 5 atropa-tipped darts
 V - 3 curare-tipped darts
Armour
 e - the +0 cloak of Curiosity (worn) {rF+ Str+4}
   (You bought it in a shop on level 1 of the Dungeon)

   Str:       It affects your strength (+4).
   rF:        It protects you from fire.
 h - a +0 helmet (worn)
 u - a +0 pair of boots (worn)
 Q - a scarf of resistance
 S - +2 swamp dragon scales (worn)
 W - a +0 tower shield (worn)
Jewellery
 f - an amulet of reflection
 i - a +4 ring of evasion (left claw)
 w - a +6 ring of strength (right claw)
 K - an amulet of regeneration (around neck)
 M - a ring of poison resistance
 N - a ring of willpower
Wands
 g - a wand of digging (2)
 k - a wand of iceblast (5)
 G - a wand of light (5)
 R - a wand of flame (6)
Scrolls
 c - 3 scrolls of fog
 m - a scroll of torment {unknown}
 n - a scroll of magic mapping
 q - 7 scrolls of teleportation
 s - 4 scrolls of poison {unknown}
 t - 3 scrolls of immolation {unknown}
 x - a scroll of noise {unknown}
 y - a scroll of enchant armour {unknown}
 A - a scroll of brand weapon {unknown}
 B - 2 scrolls of vulnerability {unknown}
 C - 2 scrolls of blinking {unknown}
 H - 5 scrolls of enchant weapon {unknown}
 J - 4 scrolls of silence {unknown}
 L - a scroll of amnesia {unknown}
Potions
 d - 7 potions of flight
 j - a potion of resistance
 l - 6 potions of lignification
 p - 3 potions of might
 z - 4 potions of heal wounds
 E - 5 potions of curing
 F - a potion of attraction {unknown}
 I - 2 potions of cancellation
 O - 2 potions of haste
 P - a potion of degeneration {unknown}
 T - a potion of brilliance
 U - a potion of magic {unknown}
Miscellaneous
 X - a condenser vane


   Skills:
 + Level 8.6 Fighting
 + Level 7.3(7.4) Axes
 - Level 1.7(4.9) Polearms
 + Level 7.1 Throwing
 + Level 7.2 Armour
 + Level 7.6 Dodging
 - Level 4.5 Stealth
 + Level 7.1 Shields
 + Level 8.0 Evocations


You had 11 spell levels left.
You didn't know any spells.
Your spell library contained the following spells:

 Spells                   Type           Power      Damage    Failure   Level
 Apportation              Tloc           0%         N/A       98%         1
 Freeze                   Ice            0%         1d3       98%         1
 Necrotise                Necr           0%         1d4       98%         1
 Sandblast                Erth           0%         2d4       98%         1
 Passwall                 Tmut/Erth      0%         N/A       99%         2
 Confusing Touch          Hex            0%         N/A       100%        3
 Conjure Flame            Conj/Fire      0%         6-21      100%        3
 Dazzling Flash           Conj/Hex       0%         N/A       100%        3
 Frozen Ramparts          Ice            0%         1d2       100%        3
 Ignite Poison            Fire/Tmut/Pois 0%         N/A       100%        3
 Mephitic Cloud           Conj/Pois/Air  0%         N/A       100%        3
 Ozocubu's Armour         Ice            0%         N/A       100%        3
 Stone Arrow              Conj/Erth      0%         3d7       100%        3
 Vampiric Draining        Necr           0%         2d6       100%        3
 Cause Fear               Hex            0%         N/A       100%        4
 Hailstorm                Conj/Ice       0%         3d3       100%        4
 Ice Form                 Ice/Tmut       0%         N/A       100%        4
 Iskenderun's Mystic Bla  Conj/Tloc      0%         2d3       100%        4
 Leda's Liquefaction      Hex/Erth       0%         N/A       100%        4
 Sticky Flame             Conj/Fire      0%         2d3       100%        4
 Summon Ice Beast         Ice/Summ       0%         N/A       100%        4
 Agony                    Necr           0%         N/A       100%        5
 Alistair's Intoxication  Tmut/Pois      0%         N/A       100%        5
 Freezing Cloud           Conj/Ice/Air   0%         6-21      100%        5
 Lee's Rapid Deconstruct  Erth           0%         3d5*      100%        5
 Summon Mana Viper        Hex/Summ       0%         N/A       100%        5
 Yara's Violent Unravell  Hex/Tmut       0%         3d3       100%        5
 Starburst                Conj/Fire      0%         6d3       100%        6
 Statue Form              Tmut/Erth      0%         N/A       100%        6
 Dragon Form              Tmut           0%         N/A       100%        7
 Enfeeble                 Hex            0%         N/A       100%        7
 Monstrous Menagerie      Summ           0%         N/A       100%        7
 Ozocubu's Refrigeration  Ice            0%         4d5       100%        7
 Dragon's Call            Summ           0%         N/A       100%        9


Dungeon Overview and Level Annotations

Branches:
Dungeon (11/15)            Temple (1/1) D:7            Lair (3/5) D:11
  Swamp (0/4) Lair:2       Spider (0/4) Lair:2          Orc (0/2) D:11
Volcano (1/1)

Altars:
Ashenzari
Cheibriados
Dithmenos
Fedhas
Gozag
Hepliaklqana
Kikubaaqudgha
Makhleb
Nemelex Xobeh
Okawaru
Qazlal
Ru
Sif Muna
Trog
Uskayaw
Vehumet
Wu Jian
Xom
Yredelemnul

Shops:
D:1 [?   D:5 :   D:10 *

Annotations:
D:8 Gastronok
D:10 exclusion: ice statue
D:11 2 transporters, kevlar127's ghost, journeyman TrBe


Innate Abilities, Weirdness & Mutations

You have very sharp fingernails.
You are mostly covered in large bone plates. (SH +6)
A powerful demonic guardian rushes to your aid.
You may rarely emit foul miasma when damaged in melee.


Message History

* * * LOW HITPOINT WARNING * * *
The gargoyle hurls a stone arrow at you.
You block the stone arrow.
You hit the gargoyle but do no damage.
The anaconda skeleton bites you but does no damage.
The anaconda skeleton closely misses you.
The anaconda skeleton constricts you.
* * * LOW HITPOINT WARNING * * *
You block the anaconda skeleton's attack.
The anaconda skeleton barely misses you.
The anaconda skeleton constricts you.
The gargoyle hurls a stone arrow at you.
The stone arrow hits you!
* * * LOW HITPOINT WARNING * * *
A demonic guardian appears!
Unknown command.
You thump the gargoyle! You freeze the gargoyle.
The gargoyle is heavily damaged.
The anaconda skeleton completely misses you.
The anaconda skeleton bites you but does no damage.
The anaconda skeleton constricts you.
* * * LOW HITPOINT WARNING * * *
Your hell beast bites the anaconda skeleton!!
Your hell beast tramples the anaconda skeleton!
The anaconda skeleton holds its ground!
The gargoyle hurls a stone arrow at you.
The stone arrow hits you!
* * * LOW HITPOINT WARNING * * *
You block the anaconda skeleton's attack. x2
The anaconda skeleton constricts you.
You hit the gargoyle but do no damage.
The gargoyle is heavily damaged.
Your hell beast bites the anaconda skeleton!!
Your hell beast tramples the anaconda skeleton.
The anaconda skeleton holds its ground!
You block the anaconda skeleton's attack.
The anaconda skeleton barely misses your hell beast.
The anaconda skeleton constricts you. The gargoyle hits you with a +0 flail!
You die...
Your body crumbles into a pile of gold.

$ ## ###### ###. #..⌠..
#####...
+...2.##########.#.....
#....Z'....8...'≈...≈≈≈
+..∩.Z@........'...§≈≈≈
#....9'....8...'§....§≈
#.....##########.#..≈≈§
#..⌠.. ###≈§§§§ #+####
##≈§≈§ ##§≈≈ #≈§ $ ##


You could see a gargoyle, 2 anaconda skeletons and a friendly hell beast
(summoned).

Vanquished Creatures
  A hydra (Lair:1)
  Sonja (Lair:1)
  A cyclops (D:11)
  A manticore (D:11)
  3 black mambas
  4 cane toads
  A gargoyle (Volcano)
  Maggie (D:9)
  2 rime drakes
  A polar bear (Lair:2)
  A hornet (D:9)
  2 trolls
  3 jumping spiders (Lair:2)
  2 shadows (D:10)
  A culicivora (Lair:2)
  3 flying skulls (Volcano)
  10 yaks
  5 wyverns
  2 basilisks (D:11)
  A redback (Lair:2)
  3 vampire mosquitoes (D:11)
  3 steam dragons
  3 water moccasins
  An orc warrior (D:11)
  2 ice beasts
  A sky beast (D:7)
  3 black bears
  8 wolves
  3 centaurs
  4 phantoms
  5 bullfrogs
  3 scorpions
  11 wights
  8 killer bees
  10 howler monkeys
  A jelly (D:5)
  3 orc priests
  8 hounds
  2 gnoll boudas
  Jessica (D:3)
  2 iguanas (D:5)
  8 orc wizards
  6 ogre zombies (D:11)
  7 gnolls
  7 adders
  A shadow imp (D:8)
  A white imp (D:7)
  2 worms
  6 dart slugs
  24 orcs
  9 endoplasms
  4 giant cockroaches
  10 goblins
  6 hobgoblins
  11 jackals
  4 kobolds
  3 quokkas
  7 ball pythons
  7 bats
  6 frilled lizards
  3 goblin skeletons (D:11)
  A goblin zombie (D:11)
  2 hobgoblin skeletons (D:11)
  A hobgoblin zombie (D:11)
  2 orc skeletons (D:11)
  9 orc zombies (D:11)
  6 rats
284 creatures vanquished.

Vanquished Creatures (collateral kills)
  A hydra (Lair:1)
  A manticore (D:11)
  Joseph (Lair:1)
  2 cane toads
  A komodo dragon (Lair:1)
  A rime drake (Lair:1)
  A troll (D:9)
  4 slime creatures (D:11)
  A jumping spider (Lair:2)
  3 yaks
  A basilisk (Lair:2)
  A vampire mosquito (D:11)
  An acid dragon (D:11)
  A water moccasin (Lair:2)
  3 wolves (Lair:2)
  2 bullfrogs
  A killer bee (D:8)
  An orc priest (D:5)
  An orc wizard (D:4)
  3 orcs
  A hobgoblin (D:4)
  An orc zombie (D:11)
33 creatures vanquished.

Vanquished Creatures (others)
  An orc wizard (D:5)
  9 fungi
  9 plants
  5 toadstools (D:1)
24 creatures vanquished.

Grand Total: 341 creatures vanquished

Notes
Turn   | Place    | Note
-------+----------+-------------------------------------------
     0 | D:5      | flotson the Demonspawn Delver began the quest for the Orb.
     0 | D:5      | Reached XP level 1. HP: 18/18 MP: 1/1
    36 | D:4      | Noticed a hound
    49 | D:4      | Killed a hound
    50 | D:4      | Reached skill level 1 in Evocations
    50 | D:4      | Gained mutation: You have sharp fingernails. [demonic
                  | ancestry]
    50 | D:4      | Reached XP level 2. HP: 11/24 MP: 2/2
    50 | D:4      | Gained mutation: A weak demonic guardian rushes to your
                  | aid. [demonic ancestry]
    50 | D:4      | Reached XP level 3. HP: 14/29 MP: 3/3
   449 | D:3      | Noticed a scorpion
   452 | D:3      | Reached skill level 1 in Axes
   764 | D:2      | Reached skill level 1 in Armour
  1127 | D:1      | Found Plog's Armour Shoppe.
  1219 | D:1      | Reached XP level 4. HP: 32/35 MP: 4/4
  1469 | D:1      | Found Vomaw's Magic Scroll Emporium.
  1479 | D:1      | Bought a scroll of identify for 20 gold pieces
  1479 | D:1      | Bought a scroll of identify for 20 gold pieces
  1479 | D:1      | Bought a scroll of teleportation for 30 gold pieces
  1479 | D:1      | Bought a scroll of teleportation for 30 gold pieces
  1927 | D:2      | Found an iron altar of Okawaru.
  2198 | D:1      | Bought a +0 kite shield for 58 gold pieces
  2741 | D:3      | Killed a scorpion
  2742 | D:3      | Reached XP level 5. HP: 40/41 MP: 5/5
  2854 | D:3      | Noticed Jessica
  2868 | D:3      | Killed Jessica
  3036 | D:3      | Found a shimmering blue altar of Sif Muna.
  3283 | D:3      | Found a basalt altar of Yredelemnul.
  3381 | D:3      | Reached skill level 1 in Shields
  3401 | D:3      | Reached skill level 1 in Throwing
  3640 | D:4      | Found a bloodstained altar of Trog.
  4072 | D:4      | Gained mutation: You may rarely emit foul miasma when
                  | damaged in melee. [demonic ancestry]
  4072 | D:4      | Reached XP level 6. HP: 48/48 MP: 6/6
  4578 | D:5      | Found Athublo's Book Emporium.
  4878 | D:5      | Gained mutation: You have very sharp fingernails. [demonic
                  | ancestry]
  4878 | D:5      | Reached XP level 7. HP: 13/54 MP: 7/7
  5585 | D:5      | Found a shadowy altar of Dithmenos.
  6184 | D:6      | HP: 1/53 [wight/+0 hand axe (4)]
  6521 | D:6      | Gained mutation: You are partially covered in large bone
                  | plates. (SH +4) [demonic ancestry]
  6521 | D:6      | Reached XP level 8. HP: 59/61 MP: 8/8
  6597 | D:6      | Found a large runed translucent door.
  6598 | D:6      | Found a large runed translucent door.
  6911 | D:6      | Found an ancient bone altar of Kikubaaqudgha.
  7459 | D:7      | Found a staircase to the Ecumenical Temple.
  7470 | Temple   | Entered the Ecumenical Temple
  7501 | Temple   | Became a worshipper of Gozag Ym Sagoz the Greedy
  7641 | D:7      | Reached skill level 5 in Fighting
  9082 | D:7      | Gained mutation: You are mostly covered in large bone
                  | plates. (SH +6) [demonic ancestry]
  9082 | D:7      | Reached XP level 9. HP: 68/68 MP: 9/9
  9248 | D:8      | Noticed Gastronok
  9432 | D:8      | Found a sparkling altar of Nemelex Xobeh.
 10140 | D:8      | Reached skill level 5 in Dodging
 10140 | D:8      | Reached skill level 5 in Evocations
 10306 | D:9      | Noticed a troll
 10313 | D:9      | Killed a troll
 10391 | D:9      | Identified the +0 scale mail of Vehumet's Benevolence {MP+9
                  | Dex+4}
 10691 | D:9      | Gained mutation: A demonic guardian rushes to your aid.
                  | [demonic ancestry]
 10691 | D:9      | Reached XP level 10. HP: 32/76 MP: 10/10
 10721 | D:9      | Reached skill level 5 in Axes
 10919 | D:9      | Reached skill level 5 in Armour
 10982 | D:9      | Noticed Maggie
 10992 | D:9      | Killed Maggie
 10993 | D:9      | Reached skill level 5 in Shields
 11095 | D:9      | Upgraded the game from 0.29-a0-878-g7b45a56547 to
                  | 0.29-a0-887-gcbe080d7e0
 11108 | D:10     | Entered Level 10 of the Dungeon
 11187 | D:10     | Reached skill level 5 in Throwing
 11274 | D:10     | Noticed an ice statue
 12013 | D:10     | Found Miwysagia's Assorted Antiques.
 12020 | D:10     | Bought a scroll of identify for 62 gold pieces
 12020 | D:10     | Bought a scroll labelled MEOLAN HOTUIWNE for 31 gold pieces
 12020 | D:10     | Bought 3 scrolls labelled MEOLAN HOTUIWNE for 93 gold
                  | pieces
 12435 | D:11     | Found a staircase to the Orcish Mines.
 12475 | D:11     | Gained mutation: A powerful demonic guardian rushes to your
                  | aid. [demonic ancestry]
 12475 | D:11     | Reached XP level 11. HP: 84/84 MP: 11/11
 13163 | D:11     | Noticed kevlar127's ghost (journeyman TrBe)
 13165 | D:11     | Noticed a two-headed ogre
 13363 | D:11     | Found a staircase to the Lair.
 13478 | D:11     | Found a transporter.
 13579 | D:11     | Found a sparkling altar of Nemelex Xobeh.
 13588 | D:11     | Found a transporter.
 13836 | D:1      | Bought the +0 cloak of Curiosity {rF+ Str+4} for 349 gold
                  | pieces
 14097 | Lair:1   | Entered Level 1 of the Lair of Beasts
 14328 | Lair:1   | Noticed Joseph
 14339 | Lair:1   | Noticed Sonja
 14340 | Lair:1   | Killed Joseph
 14342 | Lair:1   | Killed Sonja
 14405 | Lair:1   | Noticed a five-headed hydra
 14413 | Lair:1   | Killed a five-headed hydra
 14487 | Lair:1   | Noticed a five-headed hydra
 14494 | Lair:1   | Killed a five-headed hydra
 15008 | Lair:2   | Reached XP level 12. HP: 89/92 MP: 12/12
 15073 | Lair:2   | Found a staircase to the Swamp.
 15243 | Lair:2   | Found a hole to the Spider Nest.
 15964 | Lair:2   | You fall into a shaft and drop 1 floor!
 16032 | Lair:3   | Noticed a boulder beetle
 16060 | Lair:3   | Found a dark tunnel.
 16068 | Volcano  | Entered a volcano
 16247 | Volcano  | Slain by a gargoyle

Illustrated notes

Levels and vault maps discovered:
D:1:      roderic_chinese_lattice_arrival, layout_basic, serial_shops, shop,
          nicolae_diamond_shop, minmay_gold_behind_fungi
D:2:      layout_basic, basic_altar, minmay_surrounded
D:3:      minmay_evil_eye, layout_basic, mainiacjoe_overflow_cross_hatched,
          tgw_sif, serial_curves, eino_curves_01, eino_curves_03,
          eino_curves_02, minmay_fractal_squares_diagonal_5
D:4:      layout_basic, nicolae_tso_carved_into_rock,
          mainiacjoe_overflow_six_doors_small
D:5:      layout_loops_ring, nicolae_dithmenos_the_darkroom, serial_shops,
          nicolae_shop_hallway_stairs
D:6:      layout_basic, jmf_multi_god_temple2
D:7:      layout_layer_cave, minmay_temple_entry_mist, minmay_crossroads
D:8:      layout_loops_ring, mainiacjoe_overflow_paths, uniq_gastronok
D:9:      layout_basic, hangedman_decor_push, uniq_maggie
D:10:     layout_loops_corners, serial_shops, nicolae_shop_overgrown_old_shop,
          minivault_16
D:11:     layout_long_grid, erik_lair_dragon, zombieorc1_lemuel,
          gammafunk_ghost_arena, nemelex_diamond_rough_becter
Temple:   nicolae_temple_ecumenical_triangle
Lair:1:   layout_regular_city, columned_hall_lemuel, serial_bayou_pond_a,
          uniq_joseph, uniq_sonja
Lair:2:   layout_regular_city, swamp_mist, nicolae_spider_entry_tight_spaces,
          infiniplex_staircase_pool_2
Lair:3:   layout_gridlike, nicolae_volcano_entry_hallway,
          grunt_forest_stairs_clearing
Volcano:  volcano_tomb [vts_original]

Skill      XL: |  1  2  3  4  5  6  7  8  9 10 11 12 |
---------------+-------------------------------------+-----
Dodging        | 2 3 4 5 6 7 |  7.6
Evocations     | 1 2 3 4 5 6 7 8 |  8.0
Axes           | 1 2 3 4 5 6 7 |  7.3
Armour         | 1 2 3 4 5 6 7 |  7.2
Shields        | 1 2 3 4 5 6 7 |  7.1
Throwing       | 1 2 3 4 5 6 7 |  7.1
Fighting       | 4 5 6 7 8 |  8.6
Polearms       | |  1.7
Stealth        | |  4.5

Action                   |  1- 3 |  4- 6 |  7- 9 | 10-12 || total
-------------------------+-------+-------+-------+-------++-------
Melee: Spear             |    10 |       |   165 |       ||   175
       Trident           |    91 |   211 |   328 |       ||   630
       Mace              |       |       |    39 |   690 ||   729
Throw: Dart              |       |     6 |     3 |       ||     9
Evoke: Wand              |       |     1 |       |     4 ||     5
  Use: Potion            |     1 |     1 |       |     2 ||     4
       Scroll            |     2 |     6 |     5 |     3 ||    16
 Stab: Sleeping          |     4 |    11 |    14 |     4 ||    33
       Distracted        |       |       |     3 |     5 ||     8
Armor: Leather armour    |    26 |     3 |       |       ||    29
       Ring mail         |       |    58 |       |       ||    58
       Robe              |       |       |    46 |       ||    46
       Scale mail        |       |       |     5 |    13 ||    18
       Swamp dragon scal |       |       |       |   244 ||   244
Dodge: Dodged            |    64 |   119 |   217 |   497 ||   897
Block: Kite shield       |       |    58 |   400 |   444 ||   902
       Reflection        |       |       |     3 |       ||     3
       Tower shield      |       |       |       |   530 ||   530

Table legend: (Time is in decaauts)
 A = Elapsed time spent in this place.
 B = Non-inter-level travel time spent in this place.
 C = Inter-level travel time spent in this place.
 D = Time resting spent in this place.
 E = Time spent auto-exploring this place.
 F = Levels seen in this place.
 G = Mean time per level.
                   A        B        C        D        E       F      G
               +--------+--------+--------+--------+--------+-----+--------+
         Total |  16777 |  15874 |    903 |    764 |  11311 |  16 | 1048.6 |
       Dungeon |  14448 |  13582 |    866 |    746 |   9792 |  11 | 1313.5 |
        Temple |     44 |     31 |     13 |      0 |     18 |   1 |   44.0 |
          Lair |   2090 |   2067 |     23 |     18 |   1413 |   3 |  696.7 |
       Volcano |    194 |    194 |      0 |      0 |     88 |   1 |  194.0 |
               +--------+--------+--------+--------+--------+-----+--------+

Top non-repeatable levels by time:
     D:7: 1744 daAuts
     D:6: 1743 daAuts
     D:5: 1591 daAuts
    D:11: 1546 daAuts
    D:10: 1345 daAuts
     D:3: 1177 daAuts
     D:1: 1158 daAuts
     D:8: 1107 daAuts
     D:4: 1088 daAuts
  Lair:2: 1008 daAuts
     D:2: 1007 daAuts
  Lair:1: 960 daAuts
     D:9: 939 daAuts
 Volcano: 194 daAuts
  Lair:3: 121 daAuts
